 Dungeon Crawl Stone Soup version 0.24-a0-580-g6a6c3f83c1 (webtiles) character file.

Game seed: 7441179703909182556

112 GordonOverkill the Skirmisher (level 5, -2/42 HPs)
             Began as a Human Wanderer on Aug 22, 2019.
             Slain by an iron imp (10 damage)
             ... summoned by Natasha
             ... on level 2 of the Dungeon.
             The game lasted 00:05:29 (2045 turns).

GordonOverkill the Skirmisher (Human Wanderer)      Turns: 2045, Time: 00:05:30

Health: -2/42      AC:  4    Str: 10    XL:     5   Next: 16%
Magic:  6/6        EV: 10    Int: 15    God:
Gold:   78         SH:  0    Dex: 13    Spells: 4/4 levels left

rFire    . . .     SeeInvis .   a - +0 hand crossbow
rCold    . . .     Gourm    .   (no shield)
rNeg     . . .     Faith    .   s - +0 leather armour
rPois    .         Spirit   .   (no helmet)
rElec    .         Reflect  .   (no cloak)
rCorr    .         Harm     .   n - +0 pair of gloves
MR       .....                  (no boots)
Stlth    +.........             (no amulet)
HPRegen  0.14/turn              (no ring)
MPRegen  0.10/turn              (no ring)

@: no status effects
A: no striking features
a: no special abilities


You were on level 2 of the Dungeon.
You were not hungry.

You visited 1 branch of the dungeon, and saw 2 of its levels.

You collected 78 gold pieces.

Inventory:

Hand Weapons
 a - a +0 hand crossbow (weapon)
 b - a +0 hunting sling
 w - a +1 dagger of venom
Missiles
 c - 2 bolts (quivered)
 i - 50 stones
 q - 27 arrows
Armour
 n - a +0 pair of gloves (worn)
 s - a +0 leather armour (worn)
Wands
 o - a wand of paralysis (15)
Scrolls
 d - 2 scrolls of teleportation
 g - a scroll of magic mapping {unknown}
 h - 3 scrolls of identify {unknown}
 l - 2 scrolls of remove curse {unknown}
 m - 2 scrolls of amnesia {unknown}
Potions
 e - a potion of mutation {unknown}
 j - a potion of magic {unknown}
 k - a potion of degeneration {unknown}
 p - a potion of haste {unknown}
Comestibles
 f - 6 rations
 r - 6 chunks of flesh


   Skills:
 - Level 4.0 Fighting
   Level 1.0 Maces & Flails
 + Level 2.6 Crossbows
 + Level 3.2 Armour
 - Level 1.0 Stealth
 + Level 2.6 Evocations


You had 4 spell levels left.
You didn't know any spells.
Your spell library was empty.

Dungeon Overview and Level Annotations

Branches:
Dungeon (2/15)

Altars:

Annotations:
D:2 Natasha


Message History

You shoot a bolt. The bolt hits Natasha!
Natasha is almost dead.
Natasha stares at you and mumbles some strange words.
The magic dart hits you.
The kobold hits you with a +3 short sword.
The iron imp closely misses you.
Firing (i - inventory. (/) - cycle)
c - 4 bolts (quivered)
Press: ? - help, Shift-Dir - straight line, f/p - Natasha
Aim: Natasha (almost dead)
You shoot a bolt. The bolt closely misses Natasha.
Natasha casts a spell at you. The magic dart hits you.
* * * LOW HITPOINT WARNING * * *
The kobold hits you but does no damage. The iron imp closely misses you.
Firing (i - inventory. (/) - cycle)
c - 3 bolts (quivered)
Press: ? - help, Shift-Dir - straight line, f/p - Natasha
Aim: Natasha (almost dead)
You shoot a bolt. The bolt misses Natasha.
Natasha closely misses you. The kobold misses you. The iron imp hits you!
You die...

#..........##..............
..###......#..#####........
.. #........####....>....
.# #.............#...### .
............#####...## #
##.....(###.#.........
##....(###...##......
##.##........K....(.
....(#......@h(.(... ##
#......(..5......
###.....#........
#.....##....... #.....#
#...... #.....# ......
#.....# ...... #.....#
).....


You could see an iron imp, Natasha and a kobold.

Vanquished Creatures
  3 gnolls
  2 adders (D:2)
  An ooze (D:1)
  2 worms
  4 dart slugs
  A leopard gecko (D:2)
  A ball python (D:1)
  2 giant cockroaches
  3 goblins
  6 hobgoblins (D:1)
  7 jackals
  6 bats
  2 frilled lizards (D:1)
  4 kobolds
  4 rats (D:1)
48 creatures vanquished.

Notes
Turn   | Place    | Note
-------+----------+-------------------------------------------
     0 | D:1      | GordonOverkill the Human Wanderer began the quest for the
                  | Orb.
     0 | D:1      | GordonOverkill set off with the following items: a +0 hand
                  | crossbow, a wand of paralysis (15), 31 bolts, a scroll of
                  | teleportation, a +0 robe, a ration
     0 | D:1      | Reached XP level 1. HP: 19/19 MP: 1/1
   207 | D:1      | Reached XP level 2. HP: 21/25 MP: 1/3
   396 | D:1      | Reached XP level 3. HP: 30/30 MP: 4/4
  1087 | D:1      | Reached XP level 4. HP: 19/37 MP: 5/5
  1919 | D:2      | Reached XP level 5. HP: 42/42 MP: 6/6
  2032 | D:2      | Noticed Natasha
  2045 | D:2      | Slain by an iron imp

Levels and vault maps discovered:
D:1:      lemuel_arrival_funnel, layout_basic
D:2:      layout_rooms, uniq_terence, uniq_natasha

Skill      XL: |  1  2  3  4 |
---------------+-------------+-----
Crossbows      | 2 |  2.6
Evocations     | 2 |  2.6
Armour         | 3 |  3.2
Fighting       | |  4.0
Maces & Flails | |  1.0
Stealth        | |  1.0

Action                   |  1- 3 |  4- 6 || total
-------------------------+-------+-------++-------
 Fire: Hand crossbow     |    70 |    47 ||   117
       Hunting sling     |    28 |    44 ||    72
  Eat: Chunk             |       |     3 ||     3
Armor: Robe              |    10 |    17 ||    27
       Leather armour    |       |     2 ||     2
Dodge: Dodged            |    30 |    58 ||    88

Table legend:
 A = Non-vault XP
 B = Vault XP
 C = Vault XP percentage of total XP
 D = Non-vault monster count
 E = Vault monster count
 F = Vault count percentage of total count
                 A         B        C        D         E       F
            +---------+---------+-------+---------+---------+-------
      Total |     161 |       0 |   0.0 |      48 |       0 |   0.0
            +---------+---------+-------+---------+---------+-------
        D:1 |      95 |       0 |   0.0 |      34 |       0 |   0.0
        D:2 |      66 |       0 |   0.0 |      14 |       0 |   0.0
            +---------+---------+-------+---------+---------+-------
